 Dungeon Crawl Stone Soup version 0.29-a0-283-ga02f740833 (webtiles) character file.

Game seed: 5388918126756664390

298 siradein the Fighter (level 6, -8/57 HPs)
             Began as a Gnoll Wanderer on Mar 13, 2022.
             Mangled by an ogre
             ... wielding a +0 giant club
              (16 damage)
             ... on level 4 of the Dungeon.
             The game lasted 00:06:46 (4220 turns).

siradein the Fighter (Gnoll Wanderer)               Turns: 4220, Time: 00:06:47

Health: -8/57      AC:  9    Str: 11    XL:     6   Next: 35%
Magic:  8/8        EV:  5    Int:  8    God:
Gold:   328        SH:  0    Dex: 17    Spells: 8/8 levels left

rFire   . . .      SeeInvis .   p - +0 spear
rCold   . . .      Faith    .   w - orb {light}
rNeg    . . .      Spirit   .   a - +0 chain mail
rPois   .          Reflect  .   (no helmet)
rElec   .          Harm     .   D - +0 cloak
rCorr   +          Rampage  .   (no gloves)
Will    .....                   (no boots)
Stlth   ..........              (no amulet)
HPRegen 0.19/turn               h - ring of resist corrosion
MPRegen 0.11/turn               (no ring)

@: glowing
A: fangs 1, strong nose, distributed training
a: no special abilities


You were on level 4 of the Dungeon.
You visited 1 branch of the dungeon, and saw 4 of its levels.
You also visited: Sewer.

You collected 328 gold pieces.

Inventory:

Hand Weapons
 i - a +0 hunting sling
 p - a +0 spear (weapon)
Missiles
 d - 12 boomerangs
 n - 65 stones (quivered)
 y - 4 javelins
Armour
 a - a +0 chain mail (worn)
 q - a +0 kite shield
 w - an orb of light (worn)
 D - a +0 cloak (worn)
Jewellery
 h - a ring of resist corrosion (left hand)
 j - a ring of ice
 t - an amulet of faith
Scrolls
 b - 5 scrolls of blinking
 c - 2 scrolls of fog
 g - a scroll of noise {unknown}
 k - a scroll of teleportation {unknown}
 l - 3 scrolls of identify {unknown}
 m - a scroll of vulnerability {unknown}
 o - 2 scrolls of enchant weapon {unknown}
 r - a scroll of enchant armour {unknown}
 u - 2 scrolls of immolation {unknown}
 v - 2 scrolls of amnesia {unknown}
 B - a scroll of fear {unknown}
 F - a scroll of summoning {unknown}
Potions
 e - a potion of heal wounds
 f - 2 potions of curing
 s - 2 potions of flight {unknown}
 x - a potion of resistance {unknown}
 z - a potion of lignification {unknown}
 A - a potion of haste {unknown}
 C - a potion of magic {unknown}
 E - a potion of cancellation {unknown}


   Skills:
 + Level 8.7 Fighting
 + Level 1.9 Short Blades
 + Level 1.9 Long Blades
 + Level 1.9 Axes
 + Level 1.9 Maces & Flails
 + Level 1.9 Polearms
 + Level 1.9 Staves
 + Level 1.9 Slings
 + Level 1.9 Bows
 + Level 1.9 Crossbows
 + Level 6.8 Throwing
 + Level 1.9 Armour
 + Level 1.9 Dodging
 + Level 1.9 Stealth
 + Level 1.9 Shields
 + Level 6.8 Unarmed Combat
 + Level 1.9 Spellcasting
 + Level 1.5 Conjurations
 + Level 1.5 Hexes
 + Level 1.5 Summonings
 + Level 1.5 Necromancy
 + Level 1.5 Translocations
 + Level 1.5 Transmutations
 + Level 1.5 Fire Magic
 + Level 1.5 Ice Magic
 + Level 1.5 Air Magic
 + Level 1.5 Earth Magic
 + Level 1.5 Poison Magic
 + Level 2.1 Invocations
 + Level 1.9 Evocations


You had 8 spell levels left.
You didn't know any spells.
Your spell library was empty.

Dungeon Overview and Level Annotations

Branches:
Dungeon (4/15)              Sewer (visited)
 Temple: D:4-7

Altars:
Xom


Innate Abilities, Weirdness & Mutations

You have very sharp teeth.
Your uncanny sense of smell can sniff out nearby items.
Your experience applies equally to all skills.


Message History

Found a flail.
Found an escape hatch in the ceiling.
Found a cloak.
A giant cockroach comes into view.
You see here a +0 cloak.
A giant cockroach is nearby!
You reach to attack!
You hit the giant cockroach but do no damage.
You barely miss the giant cockroach.
The giant cockroach bites you but does no damage. x2
You hit the giant cockroach.
You kill the giant cockroach!
No target in view!
No target in view!
You see here a +0 cloak.
You start putting on your armour.
You continue putting on your +0 cloak. x4
You finish putting on your +0 cloak.
E - a brown potion
F - a scroll labelled VIOHIO AROKECS An ogre comes into view.
It is wielding a +0 giant club.
The ogre shouts!
An ogre is nearby!
An ogre is nearby!
You reach to attack!
You hit the ogre.
The ogre is moderately wounded.
You puncture the ogre!
The ogre is heavily wounded.
The ogre hits you with a +0 giant club!!
Ouch! That really hurt!
You are too injured to fight recklessly!
An ogre is nearby!
Reach: p) +0 spear
Press: ? - help, Dir - move target, f/p - ogre
Aim: an ogre, wielding a +0 giant club (heavily wounded, haloed, about 6% to evade your +0 spear)
You reach to attack!
You hit the ogre.
The ogre is severely wounded.
The ogre attacks as you move away!
The ogre hits you with a +0 giant club!!
* * * LOW HITPOINT WARNING * * *
The ogre attacks as you move away! The ogre hits you with a +0 giant club!
You die...

#.####.# #....#.# #......#
###.#..#.#######
#...#..........#
#.###......###.#
#.#.....##.###.#
#.#.........##.############
##.###.#.##.....@O..........
.....#.#.##..##.#...........
##.#.#.#.##..##.#.#########.
##.#.#.#.##..##...........#
##.#.#.#.....##<...........
.....#.####.####..........#
.....#.....>..............#
................#..##..####
......^................#


You could see an ogre.

Vanquished Creatures
  2 bullfrogs (Sewer)
  7 adders
  A worm (D:4)
  A dart slug (D:3)
  7 orcs
  A bat (D:3)
  4 endoplasms
  11 giant cockroaches
  8 goblins
  8 hobgoblins
  3 jackals (D:2)
  6 kobolds
  8 quokkas
  12 ball pythons
  13 frilled lizards
  5 rats
97 creatures vanquished.

Notes
Turn   | Place    | Note
-------+----------+-------------------------------------------
     0 | D:1      | siradein the Gnoll Wanderer began the quest for the Orb.
     0 | D:1      | siradein set off with the following items: a +0 dagger, a
                  | scroll of blinking, a scroll of fog, 9 boomerangs, a potion
                  | of heal wounds, a potion of curing, a +0 leather armour
     0 | D:1      | Reached XP level 1. HP: 26/26 MP: 1/1
   389 | D:1      | Reached XP level 2. HP: 29/33 MP: 2/2
   768 | D:1      | Found a faded altar of an unknown god.
  1020 | D:2      | Reached XP level 3. HP: 36/38 MP: 3/3
  1168 | D:2      | Reached skill level 1 in Invocations
  1423 | D:2      | Found a shimmering altar of Xom.
  1435 | D:2      | Reached skill level 1 in Short Blades
  1435 | D:2      | Reached skill level 1 in Long Blades
  1435 | D:2      | Reached skill level 1 in Axes
  1435 | D:2      | Reached skill level 1 in Maces & Flails
  1435 | D:2      | Reached skill level 1 in Polearms
  1435 | D:2      | Reached skill level 1 in Staves
  1435 | D:2      | Reached skill level 1 in Slings
  1435 | D:2      | Reached skill level 1 in Bows
  1435 | D:2      | Reached skill level 1 in Crossbows
  1435 | D:2      | Reached skill level 1 in Armour
  1435 | D:2      | Reached skill level 1 in Dodging
  1435 | D:2      | Reached skill level 1 in Stealth
  1435 | D:2      | Reached skill level 1 in Shields
  1435 | D:2      | Reached skill level 1 in Spellcasting
  1435 | D:2      | Reached skill level 1 in Evocations
  1621 | D:2      | Reached XP level 4. HP: 43/45 MP: 5/5
  1696 | D:3      | Found Xenur's General Store.
  2776 | D:4      | Found a glowing drain.
  2791 | Sewer    | Entered a sewer
  2886 | Sewer    | Reached skill level 1 in Conjurations
  2886 | Sewer    | Reached skill level 1 in Hexes
  2886 | Sewer    | Reached skill level 1 in Summonings
  2886 | Sewer    | Reached skill level 1 in Necromancy
  2886 | Sewer    | Reached skill level 1 in Translocations
  2886 | Sewer    | Reached skill level 1 in Transmutations
  2886 | Sewer    | Reached skill level 1 in Fire Magic
  2886 | Sewer    | Reached skill level 1 in Ice Magic
  2886 | Sewer    | Reached skill level 1 in Air Magic
  2886 | Sewer    | Reached skill level 1 in Earth Magic
  2886 | Sewer    | Reached skill level 1 in Poison Magic
  3176 | Sewer    | Reached XP level 5. HP: 48/51 MP: 6/6
  3599 | Sewer    | Reached XP level 6. HP: 51/57 MP: 8/8
  4220 | D:4      | Mangled by an ogre

Illustrated notes

Levels and vault maps discovered:
D:1:      dpeg_arrival_windows_large_door, layout_rooms,
          shapermc_ecumenical_altar_ellora, bh_walls_and_bars
D:2:      layout_basic, basic_altar, eino_tiny_chamber, grunt_decor_arrowhead
D:3:      layout_loops_ring, serial_shops, shop, minmay_fountain_box,
          minmay_door_square
D:4:      layout_basic, portal_sewer_entry_b, chequers_mini_garden, uniq_pikel

Skill      XL: |  1  2  3  4  5 |
---------------+----------------+-----
Invocations    | 1 2 |  2.1
Short Blades   | 1 |  1.9
Long Blades    | 1 |  1.9
Axes           | 1 |  1.9
Maces & Flails | 1 |  1.9
Polearms       | 1 |  1.9
Staves         | 1 |  1.9
Slings         | 1 |  1.9
Bows           | 1 |  1.9
Crossbows      | 1 |  1.9
Armour         | 1 |  1.9
Dodging        | 1 |  1.9
Stealth        | 1 |  1.9
Shields        | 1 |  1.9
Spellcasting   | 1 |  1.9
Evocations     | 1 |  1.9
Conjurations   | 1 |  1.5
Hexes          | 1 |  1.5
Summonings     | 1 |  1.5
Necromancy     | 1 |  1.5
Translocations | 1 |  1.5
Transmutations | 1 |  1.5
Fire Magic     | 1 |  1.5
Ice Magic      | 1 |  1.5
Air Magic      | 1 |  1.5
Earth Magic    | 1 |  1.5
Poison Magic   | 1 |  1.5
Fighting       | |  8.7
Throwing       | |  6.8
Unarmed Combat | |  6.8

Action                   |  1- 3 |  4- 6 || total
-------------------------+-------+-------++-------
Melee: Short sword       |    62 |       ||    62
       Dagger            |     5 |       ||     5
       Bite              |    20 |    18 ||    38
       Spear             |    80 |   242 ||   322
       Punch             |     1 |       ||     1
 Fire: Hunting sling     |     4 |     4 ||     8
Armor: Chain mail        |    86 |   122 ||   208
       Leather armour    |     3 |       ||     3
Dodge: Dodged            |    27 |    43 ||    70
Block: Kite shield       |    22 |    13 ||    35

Table legend: (Time is in decaauts)
 A = Elapsed time spent in this place.
 B = Non-inter-level travel time spent in this place.
 C = Inter-level travel time spent in this place.
 D = Time resting spent in this place.
 E = Time spent auto-exploring this place.
 F = Levels seen in this place.
 G = Mean time per level.
                   A        B        C        D        E       F      G
               +--------+--------+--------+--------+--------+-----+--------+
         Total |   4363 |   4295 |     68 |     73 |   3163 |   5 |  872.6 |
       Dungeon |   3168 |   3100 |     68 |      0 |   2302 |   4 |  792.0 |
         Sewer |   1194 |   1194 |      0 |     73 |    861 |   1 | 1194.0 |
               +--------+--------+--------+--------+--------+-----+--------+

Top non-repeatable levels by time:
   Sewer: 1194 daAuts
     D:3: 1003 daAuts
     D:1: 894 daAuts
     D:2: 803 daAuts
     D:4: 467 daAuts
